 Dungeon Crawl Stone Soup version 0.30-a0-341-g682706514a (webtiles) character file.

Game seed: 17022122822356696565

1080 Bnni the Digger (level 8, -9/90 HPs)
             Began as a Formicid Earth Elementalist on Nov 2, 2022.
             Was an Initiate of Vehumet.
             Mangled by an orc warrior
             ... wielding a +0 battleaxe
              (10 damage)
             ... on level 5 of the Dungeon.
             The game lasted 00:12:52 (4293 turns).

Bnni the Digger (Formicid Earth Elementalist)       Turns: 4293, Time: 00:12:53

Health: -9/90      AC: 28    Str: 13    XL:     8   Next: 55%
Magic:  12/14      EV:  2    Int: 17    God:    Vehumet [......]
Gold:   216        SH:  0    Dex: 14    Spells: 8/16 levels left

rFire   . . .      SeeInvis .    o - staff of earth
rCold   . . .      Faith    .    (no shield)
rNeg    . . .      Spirit   .    (body armour currently unavailable)
rPois   +          Reflect  .    (helmet unavailable)
rElec   .          Harm     .    (cloak currently unavailable)
rCorr   .          Rampage  .    (gloves currently unavailable)
Will    .....                    (boots currently unavailable)
Stlth   ++........               (no amulet)
HPRegen 0.35/turn                c - +4 ring of protection
MPRegen 0.14/turn                (no ring)

@: tree-form
A: stationary, stasis, torment immunity, boosted hp, permanent stasis, dig
shafts and tunnels, (antennae 3), four strong arms
a: Renounce Religion


You were on level 5 of the Dungeon.
You worshipped Vehumet.
Vehumet was noncommittal.
You were a tree.
You visited 2 branches of the dungeon, and saw 6 of its levels.
You also visited: Sewer.

You collected 216 gold pieces.

Inventory:

Hand Weapons
 d - a +0 dagger
 y - a +4 dagger
Missiles
 h - 4 poisoned darts
Armour
 a - a +0 robe (melded)
Magical Staves
 o - a staff of earth (weapon)
Jewellery
 c - a +4 ring of protection (left branch)
Scrolls
 f - a scroll of poison {unknown}
 g - a scroll of fear {unknown}
 i - a scroll of blinking {unknown}
 k - 3 scrolls of butterflies {unknown}
 q - 2 scrolls of amnesia {unknown}
 r - a scroll of silence {unknown}
 s - 2 scrolls of immolation {unknown}
 A - a scroll of torment {unknown}
 B - 3 scrolls of identify
Potions
 e - 2 potions of ambrosia {unknown}
 j - a potion of flight
 l - 3 potions of degeneration {unknown}
 n - a potion of attraction {unknown}
 p - a potion of brilliance
 t - a potion of mutation {unknown}
 u - a potion of might {unknown}
 v - a potion of heal wounds {unknown}
 w - 2 potions of invisibility {unknown}
 x - a potion of curing {unknown}
 z - 3 potions of cancellation {unknown}


   Skills:
 + Level 4.1 Fighting
 - Level 1.7 Dodging
 - Level 2.4 Stealth
 + Level 4.6 Spellcasting
 * Level 3.5 Conjurations
 - Level 2.3 Transmutations
 * Level 7.9 Earth Magic


You had 8 spell levels left.
You knew the following spells:

 Your Spells              Type           Power      Damage    Failure   Level
a - Sandblast             Erth           92%        2d19      1%          1
b - Stone Arrow           Conj/Erth      70%        3d11      4%          3
c - Petrify               Tmut/Erth      32%        N/A       19%         4

Your spell library contained the following spells:

 Spells                   Type           Power      Damage    Failure   Level
 Passwall                 Tmut/Erth      26%        N/A       2%          2
 Wereblood                Tmut           11%        N/A       9%          2
 Apportation              Tloc           6%         N/A       16%         1
 Necrotise                Necr           12%        1d4       16%         1
 Summon Small Mammal      Summ           12%        N/A       16%         1
 Sublimation of Blood     Necr           3%         N/A       22%         2
 Dazzling Flash           Conj/Hex       18%        N/A       22%         3
 Iskenderun's Mystic Bla  Conj/Tloc      9%         2d4       56%         4
 Passage of Golubria      Tloc           3%         N/A       83%         4
 Silence                  Hex/Air        1%         N/A       99%         5
 Starburst                Conj/Fire      4%         6d4       100%        6
 Summon Hydra             Summ           1%         N/A       100%        7
 Lehudib's Crystal Spear  Conj/Erth      17%        10d5      100%        8


Dungeon Overview and Level Annotations

Branches:
Dungeon (5/15)             Temple (1/1) D:5           Sewer (visited)

Altars:
Ashenzari
Dithmenos
Elyvilon
Fedhas
Gozag
Kikubaaqudgha
Makhleb
Nemelex Xobeh
Okawaru
Qazlal
Ru
Sif Muna
Trog
Uskayaw
Vehumet
Wu Jian
Yredelemnul
Zin
The Shining One

Shops:
D:4 :


Innate Abilities, Weirdness & Mutations

You are a tree.
Your roots penetrate the ground, keeping you stationary.
You cannot be teleported.
You are immune to unholy pain and torment.
Your maximum health is greatly increased.
Your equipment is partially melded.
You cannot be hasted, slowed, berserked, paralysed or teleported.
You can dig through walls and to a lower floor.
((You have a pair of large antennae on your head. (SInv)))
Your four strong arms can wield two-handed weapons with a shield.


Message History

You feel a surge of power!
The orc warrior resists with significant effort.
The orc barely misses you. The orc warrior closely misses you.
Casting: Petrify (dangerous; 19% risk of failure)
Confirm with . or Enter, or press ? or * to list all spells.
You don't have enough magic to cast this spell.
Unknown command.
Casting: Petrify (dangerous; 19% risk of failure)
Confirm with . or Enter, or press ? or * to list all spells.
You don't have enough magic to cast this spell.
Unknown command.
Casting: Petrify (dangerous; 19% risk of failure)
Confirm with . or Enter, or press ? or * to list all spells.
Aiming: Sandblast (safe; 1% risk of failure)
Press: ? - help, Shift-Dir - straight line, f - orc, p - orc warrior
Aim: an orc, wielding a +0 club (85% to hit)
You feel a surge of power!
The blast of sand hits the orc!!
You kill the orc!
Vehumet accepts your kill.
The orc warrior hits you with a +0 battleaxe!!
* * * LOW HITPOINT WARNING * * *
Really quaff the potion of lignification?
You turn into a tree.
Your +0 robe melds into your body.
Your roots penetrate the ground.
The orc warrior hits you but does no damage.
You closely miss the orc warrior.
The orc warrior is heavily wounded.
The orc warrior hits you with a +0 battleaxe!
* * * LOW HITPOINT WARNING * * *
Magic courses through your body.
The orc warrior hits you with a +0 battleaxe!
* * * LOW HITPOINT WARNING * * *
Casting: Sandblast (safe; 1% risk of failure)
Confirm with . or Enter, or press ? or * to list all spells.
Aiming: Stone Arrow (mildly dangerous; 4% risk of failure)
Press: ? - help, Shift-Dir - straight line, f - orc warrior
Aim: an orc warrior, wielding a +0 battleaxe and wearing a +0 chain mail (heavily wounded, 71% to hit)
You feel a surge of power!
The stone arrow misses the orc warrior.
The orc warrior hits you with a +0 battleaxe!
You die...

# #....#### # #.####
#..# # #...### ...# . #
#.....## ...#.. .
#......# #.!... #
#.###..##..).# #.#
#...#....#
###..##...#)...###
##.#.......♣o......
##.####################
#####.##
#.##............#
......#
#.##.##########.#
#.###.## ##.##.# #.##
#.###..###..##.# #..#
#.##.........#.# ##.#
#.##...........# #.#
#.##.........### #.#


You could see an orc warrior.

Vanquished Creatures
  Menkaure (D:5)
  2 ogres (D:5)
  2 phantoms (D:5)
  A necrophage (D:4)
  A scorpion (D:4)
  3 hounds (D:5)
  2 iguanas (D:5)
  An orc wizard (D:4)
  A hell rat (Sewer)
  Robin (D:3)
  8 gnolls (D:2)
  8 adders
  4 river rats (Sewer)
  A white imp (D:5)
  An ufetubus (D:5)
  3 worms
  A dart slug (D:3)
  8 orcs
  7 ball pythons
  4 endoplasms
  3 giant cockroaches
  14 hobgoblins
  9 jackals
  5 kobolds
  3 quokkas
  2 bats (D:1)
  9 frilled lizards
  15 goblins
  9 rats
129 creatures vanquished.

Vanquished Creatures (others)
  3 plants (D:3)
3 creatures vanquished.

Grand Total: 132 creatures vanquished

Notes
Turn   | Place    | Note
-------+----------+-------------------------------------------
     0 | D:1      | Bnni the Formicid Earth Elementalist began the quest for
                  | the Orb.
     0 | D:1      | Reached XP level 1. HP: 13/13 MP: 3/3
   183 | D:1      | Reached XP level 2. HP: 15/20 MP: 3/5
   185 | D:1      | Reached skill level 4 in Earth Magic
   485 | D:1      | Reached skill level 1 in Fighting
   647 | D:1      | Reached XP level 3. HP: 17/26 MP: 6/6
   713 | D:1      | Found a faded altar of an unknown god.
   930 | D:2      | Reached XP level 4. HP: 31/32 MP: 2/8
   940 | D:2      | Reached skill level 5 in Earth Magic
  1164 | D:2      | Learned a level 3 spell: Stone Arrow
  1169 | D:2      | Learned a level 4 spell: Petrify
  1253 | D:2      | Reached XP level 5. HP: 38/38 MP: 6/9
  1460 | D:3      | Found a glowing drain.
  1509 | Sewer    | Entered a sewer
  1650 | Sewer    | Reached XP level 6. HP: 46/46 MP: 7/11
  1921 | D:3      | Noticed Robin
  1942 | D:3      | Killed Robin
  2393 | D:4      | Found Nosuxkat's Vocational Training.
  2465 | D:4      | Reached skill level 6 in Earth Magic
  2670 | D:4      | Found a bloodstained altar of Trog.
  2671 | D:4      | Found a shimmering blue altar of Sif Muna.
  2671 | D:4      | Found a glowing golden altar of the Shining One.
  2671 | D:4      | Found a blossoming altar of Fedhas.
  2680 | D:4      | Found a stormy altar of Qazlal.
  2681 | D:4      | Found a broken altar of Ashenzari.
  2870 | D:4      | Reached skill level 1 in Conjurations
  3014 | D:4      | Reached XP level 7. HP: 51/51 MP: 10/12
  3684 | D:5      | Entered Level 5 of the Dungeon
  3849 | D:5      | Found a staircase to the Ecumenical Temple.
  3855 | D:5      | Noticed Menkaure
  3862 | Temple   | Entered the Ecumenical Temple
  3891 | Temple   | Became a worshipper of Vehumet
  3903 | D:5      | Killed Menkaure
  3904 | D:5      | Reached skill level 7 in Earth Magic
  4028 | D:5      | Reached XP level 8. HP: 55/59 MP: 4/14
  4292 | D:5      | HP: 1/90 [orc warrior/+0 battleaxe (7)]
  4293 | D:5      | Mangled by an orc warrior

Illustrated notes

Levels and vault maps discovered:
D:1:      lightli_arrival_isolated_outpost, layout_basic,
          hellmonk_ecumenical_altar_prayer_group
D:2:      layout_rooms
D:3:      layout_rooms, portal_sewer_entry_a, kennysheep_cross_bottleneck,
          minmay_lizard_king, uniq_robin
D:4:      layout_basic, minitemple, grunt_decor_one_mirror,
          nicolae_shop_vocational
D:5:      minmay_recursive_quarters, layout_loops_ring,
          minmay_temple_entry_wispy, uniq_menkaure, uniq_sigmund
Temple:   nicolae_temple_ecumenical_triangle

Skill      XL: |  1  2  3  4  5  6  7  8 |
---------------+-------------------------+-----
Earth Magic    | 4 5 6 7 |  7.9
Fighting       | 1 2 3 4 |  4.1
Spellcasting   | 3 4 |  4.6
Transmutations | 2 |  2.3
Conjurations   | 1 2 3 |  3.5
Dodging        | |  1.7
Stealth        | |  2.4

Action                   |  1- 3 |  4- 6 |  7- 9 || total
-------------------------+-------+-------+-------++-------
Melee: Unarmed           |     2 |       |       ||     2
       Halberd           |       |    11 |       ||    11
       Staff             |       |    14 |     2 ||    16
 Fire: Sling             |    83 |     1 |       ||    84
 Cast: Sandblast         |    16 |    83 |    44 ||   143
       Stone Arrow       |       |       |     4 ||     4
       Petrify           |       |       |     1 ||     1
 Abil: Dig               |       |     1 |       ||     1
  Use: Scroll            |       |     4 |       ||     4
       Potion            |       |       |     2 ||     2
 Stab: Sleeping          |       |     1 |       ||     1
Armor: Robe              |    16 |     6 |     4 ||    26
       Skin              |       |       |     1 ||     1
Dodge: Dodged            |    40 |    29 |    24 ||    93

Table legend: (Time is in decaauts)
 A = Elapsed time spent in this place.
 B = Non-inter-level travel time spent in this place.
 C = Inter-level travel time spent in this place.
 D = Time resting spent in this place.
 E = Time spent auto-exploring this place.
 F = Levels seen in this place.
 G = Mean time per level.
                   A        B        C        D        E       F      G
               +--------+--------+--------+--------+--------+-----+--------+
         Total |   4418 |   4142 |    276 |    178 |   3168 |   7 |  631.1 |
       Dungeon |   4180 |   3912 |    268 |     71 |   3143 |   5 |  836.0 |
        Temple |     38 |     30 |      8 |      0 |      0 |   1 |   38.0 |
         Sewer |    199 |    199 |      0 |    107 |     24 |   1 |  199.0 |
               +--------+--------+--------+--------+--------+-----+--------+

Top non-repeatable levels by time:
     D:4: 1337 daAuts
     D:1: 868 daAuts
     D:3: 785 daAuts
     D:2: 602 daAuts
     D:5: 587 daAuts
   Sewer: 199 daAuts
  Temple: 38 daAuts
